 Dungeon Crawl Stone Soup version 0.31.0 (webtiles) character file.

Game seed: 5247020158796823951

35 qw the Shooter (level 3, -20/21 HPs)
             Began as a Gargoyle Hunter on Jan 20, 2024.
             Demolished by an ogre
             ... wielding a +0 giant club
              (30 damage)
             ... on level 2 of the Dungeon.
             The game lasted 00:00:02 (753 turns).

qw the Shooter (Gargoyle Hunter)                     Turns: 753, Time: 00:00:03

Health: -20/21     AC:  8    Str: 14    XL:     3   Next: 35%
Magic:  3/3        EV: 10    Int:  9    God:
Gold:   76         SH:  0    Dex: 15    Spells: 2/2 levels left

rFire   . . .        a - +0 shortbow
rCold   . . .        (shield currently unavailable)
rNeg    + . .        f - +0 ring mail
rPois   inf          (no helmet)
rElec   +            (no cloak)
rCorr   .            (no gloves)
SInv    .            (no boots)
Will    .....        (no amulet)
Stlth   +            (no ring)
HPRegen 0.23/turn    (no ring)
MPRegen 0.08/turn

%: no passive effects
@: no status effects
A: sickness immunity, AC +3, negative energy resistance 1, electricity
resistance, torment resistance 1, petrification resistance
a: no special abilities


You were on level 2 of the Dungeon.
You visited 1 branch of the dungeon, and saw 2 of its levels.

You collected 76 gold pieces.


Innate Abilities, Weirdness & Mutations

You are immune to sickness and miasma.
Your stone body is resilient. (AC +3)
You are immune to poison.
You resist negative energy. (rN+)
You are resistant to electric shocks. (rElec)
You are resistant to unholy torment.
You are immune to petrification.


   Skills:
 - Level 2.3 Fighting
 - Level 5.0 Ranged Weapons
 + Level 0.6 Armour
 - Level 1.5 Dodging
 - Level 1.1 Stealth


You had 2 spell levels left.
You didn't know any spells.
Your spell library was empty.

Inventory:

Hand Weapons
 a - a +0 shortbow (weapon)
Armour
 e - a +0 pair of gloves
 f - a +0 ring mail (worn)
Scrolls
 c - a scroll of noise {unknown}
 g - a scroll of identify
Potions
 b - a potion of heal wounds {unknown}
 d - 3 potions of curing

Dungeon Overview and Level Annotations

Branches:
Dungeon (2/15)

Altars:


Message History

There is a stone staircase leading up here.
A rat comes into view.
You shoot an arrow. The arrow hits the rat.
The rat is heavily wounded.
You shoot an arrow. The arrow hits the rat.
You kill the rat!
You see here a rat corpse.
An endoplasm comes into view.
The endoplasm quivers.
You shoot an arrow. The arrow hits the endoplasm!
You kill the endoplasm!
Found 2 large rocks.
You now have 76 gold pieces (gained 16).
You see here 2 large rocks.
An ogre comes into view. It is wielding a +0 giant club.
You shoot an arrow. The arrow hits the ogre.
The ogre shouts!
The ogre is lightly wounded.
You shoot an arrow. The arrow hits the ogre.
The ogre is moderately wounded.
You shoot an arrow. The arrow hits the ogre.
The ogre is moderately wounded.
You shoot an arrow. The arrow completely misses the ogre.
You shoot an arrow. The arrow hits the ogre.
The ogre is heavily wounded.
You shoot an arrow. The arrow hits the ogre.
The ogre is severely wounded.
The ogre closely misses you.
You shoot an arrow. The arrow hits the ogre.
The ogre is severely wounded.
The ogre closely misses you.
You shoot an arrow. The arrow barely misses the ogre.
The ogre hits you with a +0 giant club!
Ouch! That really hurt!
You shoot an arrow.
The arrow hits the ogre but does no damage.
The ogre is severely wounded.
The ogre hits you with a +0 giant club!!
Ouch! That really hurt!
You die...

#.# #. #%# #. #.#
#. #.# .. #.# ##.
#.# #.. #.####
#O########## #.....
#.@....(...########
##########.........
##########


You could see an ogre.

Vanquished Creatures
  7 bats
  6 endoplasms
  2 giant cockroaches (D:1)
  3 hobgoblins (D:1)
  3 jackals (D:1)
  A kobold (D:1)
  A ball python (D:1)
  3 frilled lizards (D:1)
  2 goblins
  3 rats
31 creatures vanquished.

Notes
Turn   | Place    | Note
-------+----------+-------------------------------------------
     0 | D:1      | qw the Gargoyle Hunter began the quest for the Orb.
     0 | D:1      | Reached XP level 1. HP: 12/12 MP: 1/1
     0 | D:1      | 0 ||| qw: Version: 0.3-a-132-g3d54051
     0 | D:1      | 0 ||| qw: Game counter: 452
     0 | D:1      | 0 ||| qw: Melee chars always use a shield: true
     0 | D:1      | 0 ||| qw: God list: Okawaru
     0 | D:1      | 0 ||| qw: Allow faded altars: false
     0 | D:1      | 0 ||| qw: Do Orc after clearing Dungeon:15 true
     0 | D:1      | 0 ||| qw: Do second Lair branch before Depths: true
     0 | D:1      | 0 ||| qw: Lair rune preference: random
     0 | D:1      | 0 ||| qw: Goals: Normal
     0 | D:1      | 0 ||| PLANNING D:1-11
    27 | D:1      | Reached XP level 2. HP: 17/17 MP: 2/2
   126 | D:1      | 126 ||| RETREEEEATING.
   134 | D:1      | HP: 3/17 [hobgoblin (2)]
   260 | D:1      | Reached XP level 3. HP: 21/21 MP: 3/3
   327 | D:1      | Reached skill level 5 in Ranged Weapons
   475 | D:1      | 475 ||| UPGRADING to +0 ring mail.
   485 | D:1      | 485 ||| DROPPING +0 leather armour.
   486 | D:1      | 486 ||| DROPPING +6 ring of intelligence.
   487 | D:1      | 487 ||| READING scroll labelled EKISOI SEUNEAGA.
   487 | D:1      | 487 ||| ENCHANTING +0 shortbow.
   488 | D:1      | 488 ||| READING 2 scrolls labelled YGYUPHELEAS.
   488 | D:1      | 488 ||| IDENTIFYING 2 sedimented dark potions
   489 | D:1      | 489 ||| DROPPING scroll of butterflies.
   744 | D:2      | Noticed an ogre
   753 | D:2      | Demolished by an ogre

Levels and vault maps discovered:
D:1:      minmay_arrival_three_doors, layout_rooms
D:2:      layout_loops_ring, corexii_shack

Skill      XL: |  1  2  3 |
---------------+----------+-----
Ranged Weapons | 5 |  5.0
Fighting       | |  2.3
Armour         | |  0.6
Dodging        | |  1.5
Stealth        | |  1.1

Action                     || total
---------------------------++-------
   Fire: Shortbow          ||    87
    Use: Scroll            ||     2
 Armour: Leather armour    ||    26
         Ring mail         ||     2
  Dodge: Dodged            ||    32

Table legend:
 A = Non-vault XP
 B = Vault XP
 C = Vault XP percentage of total XP
 D = Non-vault monster count
 E = Vault monster count
 F = Vault count percentage of total count
                 A         B        C        D         E       F
            +---------+---------+-------+---------+---------+-------
      Total |      51 |       0 |   0.0 |      31 |       0 |   0.0
            +---------+---------+-------+---------+---------+-------
        D:1 |      43 |       0 |   0.0 |      26 |       0 |   0.0
        D:2 |       8 |       0 |   0.0 |       5 |       0 |   0.0
            +---------+---------+-------+---------+---------+-------
